AoeStats
← VALHALLA

Arena

507865545Analyzed
4v4 RM · 13d ago on Sep 20, 2026· 37m 48s· 8 players
Game mode
Random Map
Map size
Large (8 player)
Population
200
Speed
Normal
Resources
Standard
Victory
Conquest
Starting age
Dark Age
Ending age
Imperial Age
RankedLock teamsTeams togetherTeam positionsShared explorationLock speedFull tech treeHidden civsTurbo modeCheats
Victory
Defeat
1465
+14
🇨🇴 Burmese · Colombia
1425
+15
🇺🇸 Romans · United States
1418
+16
🇺🇸 Celts · United States
1417
+16
🇦🇷 Bulgarians · Argentina
1459
-18
🇻🇪 Portuguese · Venezuela
1438
-16
🇻🇳 Byzantines · Vietnam
1378
-14
🇦🇺 Turks · Australia
1368
-13
NoobProElite
10:18 Feudal Age
8:35 Loom
12:11 Double-Bit Axe
12:22 Horse Collar
15:02 Castle Age
14:13 Gold Mining
16:13 Bow Saw
16:05 Heavy Plow
15:55 Man-at-Arms
17:15 Scale Mail Armor
17:42 Long Swordsman
21:03 Chain Mail Armor
21:12 Squires
21:47 Forging
23:16 Pikeman
26:05 Wheelbarrow
26:45 Iron Casting
30:07 Hand Cart
35:09 Imperial Age
34:18 Fletching
35:13 Legionary
36:46 Crop Rotation
36:05 Town Watch
36:15 Halberdier
38:27 Gold Shaft Mining
37:44 Stone Mining
TestofOne
11:38 Feudal Age
13:00 Double-Bit Axe
12:57 Horse Collar
13:21 Gold Mining
15:59 Castle Age
18:18 Bow Saw
18:28 Loom
23:54 Scale Mail Armor
25:28 Wheelbarrow
25:54 Pikeman
31:25 Heavy Plow
37:01 Imperial Age
35:28 Forging
36:25 Chain Mail Armor
36:23 Arson
37:16 Iron Casting
37:06 Capped Ram
37:47 Halberdier
ImPerez22
10:25 Feudal Age
14:11 Castle Age
12:30 Loom
26:10 Masonry
28:51 Wheelbarrow
31:55 Imperial Age
30:45 Fortified Wall
32:31 Husbandry
34:02 Padded Archer Armor
34:13 Bloodlines
35:03 Conscription
34:57 Stone Mining
35:38 Ballistics
36:42 Elite Arambai
38:09 Hand Cart
37:57 Fletching
灯窝森曾瑞卜药方松滴
11:05 Feudal Age
14:35 Castle Age
13:35 Horse Collar
13:42 Double-Bit Axe
14:13 Gold Mining
17:35 Wheelbarrow
20:52 Bow Saw
24:28 Loom
28:17 Imperial Age
25:41 Treadmill Crane
26:11 Heavy Plow
27:20 Eagle Warrior
28:02 Squires
27:47 Arson
28:18 Capped Ram
29:23 Conscription
29:14 Scale Mail Armor
29:25 Forging
29:26 Elite Eagle Warrior
30:45 Chain Mail Armor
31:10 Garland Wars
31:46 Siege Ram
34:20 Plate Mail Armor
34:25 Iron Casting
36:33 Atlatl
36:57 Ballistics
37:38 Chemistry
37:43 Blast Furnace
36:35 Fletching
36:46 Padded Archer Armor
37:58 Crop Rotation
37:08 Elite Skirmisher
VALHALLA
10:19 Feudal Age
11:51 Loom
14:10 Castle Age
13:11 Double-Bit Axe
13:59 Horse Collar
21:42 Scale Barding Armor
21:55 Bloodlines
23:16 Wheelbarrow
24:24 Town Watch
26:04 Forging
27:28 Hand Cart
27:44 Husbandry
27:54 Bow Saw
32:36 Heavy Plow
32:26 Gold Mining
38:11 Imperial Age
36:13 Chain Barding Armor
37:00 Iron Casting
36:48 Fletching
GHOST
2:01 Loom
11:04 Feudal Age
14:49 Castle Age
14:53 Double-Bit Axe
14:50 Horse Collar
16:32 Wheelbarrow
24:04 Bow Saw
25:51 Hand Cart
30:36 Imperial Age
29:57 Fletching
32:27 Chemistry
31:36 Thumb Ring
32:40 Two-Man Saw
31:32 Gold Mining
31:33 Stone Mining
37:50 Ballistics
Silver_Storm
8:32 Loom
10:17 Feudal Age
8:41 Loom
10:27 Feudal Age
11:57 Double-Bit Axe
14:51 Castle Age
12:37 Horse Collar
13:14 Gold Mining
16:40 Bow Saw
Chut Pro
2:53 Loom
11:12 Feudal Age
15:29 Castle Age
13:39 Horse Collar
16:01 Wheelbarrow
24:21 Imperial Age
22:34 Fletching
23:08 Fletching
23:39 Gold Mining
24:02 Double-Bit Axe
29:00 Bodkin Arrow
31:33 Padded Archer Armor
34:38 Chemistry
34:58 Leather Archer Armor
Connection lost

Rejoining the realm…

Still unreachable

The connection could not be restored.

Session expired

The server has moved on; the page needs a fresh start.